 Dungeon Crawl Stone Soup version 0.27-a0-1177-g245c70e1c0 (webtiles) character file.

Game seed: 17054554806484563949

177 sizableburger the Grave Robber (level 5, -7/45 HPs)
             Began as a Naga Necromancer on May 17, 2021.
             Mangled by Duvessa
             ... wielding a +0 short sword
              (10 damage)
             ... on level 4 of the Dungeon.
             The game lasted 00:07:05 (4060 turns).

sizableburger the Grave Robber (Naga Necromancer)   Turns: 4060, Time: 00:07:05

Health: -7/45      AC:  3    Str: 11    XL:     5   Next: 57%
Magic:  1/9        EV:  9    Int: 16    God:
Gold:   130        SH:  0    Dex: 11    Spells: 4/10 levels left

rFire    . . .     SeeInvis +   d - +0 quarterstaff
rCold    . . .     Faith    .   (shield currently unavailable)
rNeg     . . .     Spirit   .   a - +0 robe
rPois    +         Reflect  .   h - +0 helmet
rElec    .         Harm     .   (no cloak)
rCorr    .         Rampage  .   (no gloves)
Will     .....                  (no barding)
Stlth    ++........             (no amulet)
HPRegen  0.15/turn              b - ring of wizardry
MPRegen  0.11/turn              (no ring)

@: very slow
A: AC +1, large, see invisible, deformed body, poison resistance, slowness 2,
spit poison 1, naga tail 1
a: Spit Poison


You were on level 4 of the Dungeon.
You visited 1 branch of the dungeon, and saw 4 of its levels.

You collected 130 gold pieces.

Inventory:

Hand Weapons
 d - a +0 quarterstaff (weapon)
Missiles
 j - 5 javelins
Armour
 a - a +0 robe (worn)
 c - a +0 kite shield
 h - a +0 helmet (worn)
Jewellery
 b - a ring of wizardry (left hand)
 n - a ring of willpower
Wands
 k - a wand of flame (24)
Scrolls
 e - a scroll of immolation
 f - a scroll of torment {unknown}
 l - a scroll of magic mapping {unknown}
 m - 2 scrolls of identify
Potions
 g - a potion of haste {unknown}
 i - a potion of flight {unknown}
 o - a potion of magic {unknown}


   Skills:
 - Level 2.0 Fighting
 - Level 1.2 Staves
 - Level 1.5 Dodging
 - Level 3.0 Stealth
 + Level 3.1 Spellcasting
 + Level 1.0 Summonings
 + Level 5.1 Necromancy


You had 4 spell levels left.
You knew the following spells:

 Your Spells              Type           Power      Damage    Failure   Level
a - Pain                  Necr           72%        1d7       1%          1
b - Vampiric Draining     Necr           9%         2d7       2%          3
c - Call Imp              Summ           5%         N/A       8%          2

Your spell library contained the following spells:

 Spells                   Type           Power      Damage    Failure   Level
 Animate Skeleton         Necr           36%        N/A       1%          1
 Summon Small Mammal      Summ           20%        N/A       4%          1
 Animate Dead             Necr           9%         N/A       9%          4
 Call Canine Familiar     Summ           5%         N/A       14%         3
 Summon Guardian Golem    Hex/Summ       4%         N/A       17%         3
 Summon Ice Beast         Ice/Summ       4%         N/A       50%         4
 Summon Lightning Spire   Summ/Air       4%         N/A       50%         4
 Agony                    Necr           18%        N/A       24%         5


Dungeon Overview and Level Annotations

Branches:
Dungeon (4/15)
 Temple: D:4-7

Altars:
Okawaru

Shops:
D:2 (

Annotations:
D:4 Duvessa


Innate Abilities, Weirdness & Mutations

Your serpentine skin is tough. (AC +1)
You have supernaturally acute eyesight. (SInv)
Armour fits poorly on your strangely shaped body.
Your system is resistant to poisons. (rPois)
You cover ground very slowly.
You can spit poison.
You have a snake-like lower body.


Message History

Duvessa resists with significant effort.
Duvessa hits you with a +0 short sword!
Unknown command.
Casting: Pain (safe; 1% risk of failure)
Confirm with . or Enter, or press ? or * to list all spells.
Aiming: Pain (safe; 1% risk of failure)
Press: ? - help, Shift-Dir - straight line, f/p - Duvessa
Aim: Duvessa, wielding a +0 short sword and wearing a +0 leather armour (moderately wounded, poisoned, chance to affect: 62%) Duvessa writhes in agony.
You have got your breath back.
Duvessa looks more healthy.
Duvessa hits you with a +0 short sword.
Casting: Pain (safe; 1% risk of failure)
Confirm with . or Enter, or press ? or * to list all spells.
Aiming: Vampiric Draining (dangerous; 2% risk of failure)
Press: ? - help, Shift-Dir - straight line, f/p - Duvessa
Aim: Duvessa, wielding a +0 short sword and wearing a +0 leather armour (heavily wounded)
You draw life force from Duvessa!
You feel life coursing into your body. Duvessa hits you with a +0 short sword.
Unknown command.
Okay, then.
Aiming: Throw Flame
Press: ? - help, Shift-Dir - straight line, f/p - Duvessa
Aim: Duvessa, wielding a +0 short sword and wearing a +0 leather armour (severely wounded, 72% to hit)
The puff of flame hits Duvessa.
Duvessa is almost dead.
Duvessa closely misses you.
You barely miss Duvessa.
Duvessa is almost dead.
Duvessa hits you with a +0 short sword!
* * * LOW HITPOINT WARNING * * *
Duvessa hits you with a +0 short sword.
* * * LOW HITPOINT WARNING * * *
Aiming: Throw Flame
Press: ? - help, Shift-Dir - straight line, f/p - Duvessa
Aim: Duvessa, wielding a +0 short sword and wearing a +0 leather armour (almost dead, ally target, 72% to hit)
The puff of flame misses Duvessa.
The puff of flame misses your crimson imp.
Your crimson imp hits Duvessa but does no damage.
Duvessa hits you with a +0 short sword!
You die...

....e...........
................
#...............
#........###.#
##.#####.....#
#.#####.#
#.......#
#####..######
#@..[....#
#e###....#
#5..<....#
..........###
........>.e..
...........###
...........#
............#
...........#


You could see Duvessa (ally target) and a friendly crimson imp (summoned).

Vanquished Creatures
  Dowan (D:4)
  A centaur skeleton (D:2)
  An orc wizard (D:3)
  3 adders
  A worm (D:3)
  A dart slug (D:1)
  3 orcs (D:3)
  7 ball pythons
  An endoplasm (D:3)
  A giant cockroach (D:3)
  3 hobgoblins
  2 jackals (D:1)
  3 quokkas (D:1)
  3 bats
  A frilled lizard (D:1)
  2 goblins
  5 kobolds
  4 rats
43 creatures vanquished.

Notes
Turn   | Place    | Note
-------+----------+-------------------------------------------
     0 | D:1      | sizableburger the Naga Necromancer began the quest for the
                  | Orb.
     0 | D:1      | Reached XP level 1. HP: 15/15 MP: 3/3
   216 | D:1      | Reached skill level 1 in Fighting
   216 | D:1      | Reached XP level 2. HP: 23/25 MP: 3/5
  1242 | D:2      | Reached XP level 3. HP: 4/32 MP: 6/6
  1650 | D:2      | Learned a level 3 spell: Vampiric Draining
  1898 | D:2      | Found an iron altar of Okawaru.
  2118 | D:2      | Reached XP level 4. HP: 38/39 MP: 5/7
  2154 | D:2      | Found Hump's Antique Weapon Shop.
  2861 | D:3      | Reached skill level 1 in Staves
  3072 | D:3      | Found a faded altar of an unknown god.
  3197 | D:3      | Reached XP level 5. HP: 27/45 MP: 1/9
  3275 | D:3      | Learned a level 2 spell: Call Imp
  3671 | D:4      | Noticed Dowan
  3674 | D:4      | Noticed Duvessa
  3685 | D:4      | Killed Dowan
  3686 | D:4      | Reached skill level 1 in Summonings
  3686 | D:4      | Reached skill level 5 in Necromancy
  4059 | D:4      | HP: 2/45 [Duvessa/+0 short sword (5)]
  4060 | D:4      | Mangled by Duvessa

Illustrated notes

Levels and vault maps discovered:
D:1:      enne_arrival_octagon_isle, layout_basic
D:2:      layout_basic, serial_shops, shop_fountains, basic_altar
D:3:      layout_loops_ring, basic_ecumenical_altar
D:4:      minmay_polygon_palace, layout_basic, minmay_temple_entry_mist,
          ebering_ghost_sewer_d, serial_shops, kennysheep_little_box,
          uniq_duvessa

Skill      XL: |  1  2  3  4  5 |
---------------+----------------+-----
Fighting       | 1 2 |  2.0
Staves         | 1 |  1.2
Spellcasting   | 3 |  3.1
Summonings     | 1 |  1.0
Necromancy     | 5 |  5.1
Dodging        | |  1.5
Stealth        | |  3.0

Action                   |  1- 3 |  4- 6 || total
-------------------------+-------+-------++-------
Melee: Unarmed           |     2 |       ||     2
       Quarterstaff      |    10 |    10 ||    20
 Cast: Pain              |    31 |    43 ||    74
       Vampiric Draining |       |     1 ||     1
       Call Imp          |       |     1 ||     1
 Abil: Spit Poison       |     4 |     4 ||     8
Evoke: Wand              |       |     2 ||     2
  Use: Scroll            |     1 |       ||     1
Armor: Robe              |    10 |     4 ||    14
Dodge: Dodged            |    16 |    14 ||    30

Table legend: (Time is in decaauts)
 A = Elapsed time spent in this place.
 B = Non-inter-level travel time spent in this place.
 C = Inter-level travel time spent in this place.
 D = Time resting spent in this place.
 E = Time spent auto-exploring this place.
 F = Levels seen in this place.
 G = Mean time per level.
                   A        B        C        D        E       F      G
               +--------+--------+--------+--------+--------+-----+--------+
         Total |   4965 |   4438 |    527 |   1118 |   2976 |   4 | 1241.2 |
       Dungeon |   4965 |   4438 |    527 |   1118 |   2976 |   4 | 1241.2 |
               +--------+--------+--------+--------+--------+-----+--------+

Top non-repeatable levels by time:
     D:2: 1751 daAuts
     D:3: 1688 daAuts
     D:1: 1451 daAuts
     D:4: 74 daAuts
